 Dungeon Crawl Stone Soup version 0.30-b1-2-g02819fbbbe (webtiles) character file.

Game seed: 16796939445659195250

78879 snakesoul the Geomancer (level 15, 0/100 HPs)
             Began as a Gargoyle Earth Elementalist on May 29, 2023.
             Was a High Priest of Vehumet.
             Shot with a bolt by Vashnia (27 damage)
             ... on level 1 of the Snake Pit.
             The game lasted 01:28:12 (35770 turns).

snakesoul the Geomancer (GrEE)                     Turns: 35770, Time: 01:28:13

Health: 0/100      AC: 15    Str: 13    XL:     15   Next: 61%
Magic:  6/31       EV: 11    Int: 32    God:    Vehumet [*****.]
Gold:   89         SH:  0    Dex: 14    Spells: 1/38 levels left

rFire   . . .        O - staff of earth
rCold   + + +        (no shield)
rNeg    + . .        x - +0 leather armour of Ulutaf {Drain rC+++ Regen+ Int+4}
rPois   ∞            (no helmet)
rElec   +            t - +0 cloak of Shielding {Dex+4}
rCorr   .            (no gloves)
SInv    .            (no boots)
Will    ++...        g - amulet of magic regeneration
Stlth   +            K - ring of willpower
HPRegen 1.16/turn    S - +6 ring of intelligence
MPRegen 0.62/turn

%: no passive effects
@: confused, ambrosia-drunk, flying
A: sickness immunity, AC +11, big wings, negative energy resistance 1,
electricity resistance, torment resistance 1, petrification resistance
a: Renounce Religion


You were on level 1 of the Snake Pit.
You worshipped Vehumet.
Vehumet was extremely pleased with you.
You visited 5 branches of the dungeon, and saw 24 of its levels.

You collected 1553 gold pieces.
You spent 1464 gold pieces at shops.

Inventory:

Hand Weapons
 a - a +2 whip of holy wrath
 b - a +0 sling
Missiles
 f - 125 stones
 l - 20 boomerangs
 p - 42 poisoned darts
 B - 5 silver javelins
Armour
 t - the +0 cloak of Shielding (worn) {Dex+4}
   (You found it on level 3 of the Dungeon)

   Dex:       It affects your dexterity (+4).
 x - the +0 leather armour of Ulutaf (worn) {Drain rC+++ Regen+ Int+4}
   (You took it off an orc on level 4 of the Dungeon)

   Int:       It affects your intelligence (+4).
   rC:        It renders you almost immune to cold.
   Regen:     It increases your rate of health regeneration.
   Drain:     It drains your maximum health when unequipped.
 Y - a +2 robe of the Archmagi
Magical Staves
 s - a staff of cold
 O - a staff of earth (weapon)
 R - a staff of conjuration
Jewellery
 g - an amulet of magic regeneration (around neck)
 K - a ring of willpower (left hand)
 S - a +6 ring of intelligence (right hand)
 V - a ring of see invisible
Wands
 m - a wand of polymorph (4)
 w - a wand of flame (57)
 D - a wand of acid (27)
 G - a wand of digging (10)
 H - a wand of roots (11)
 M - a wand of mindburst (7)
 P - a wand of charming (26)
Scrolls
 d - 2 scrolls of butterflies
 h - a scroll of fog {unknown}
 i - 7 scrolls of teleportation
 n - a scroll of silence
 o - a scroll of blinking
 r - 2 scrolls of amnesia
 v - 4 scrolls of torment
 y - 7 scrolls of vulnerability
 E - 6 scrolls of enchant armour
 F - 4 scrolls of noise {unknown}
 J - 2 scrolls of poison {unknown}
 L - 4 scrolls of identify
 N - 2 scrolls of enchant weapon {unknown}
 Q - 5 scrolls of fear
 T - a scroll of magic mapping
Potions
 c - a potion of mutation {unknown}
 e - 2 potions of resistance {unknown}
 j - a potion of cancellation {unknown}
 k - 3 potions of might {unknown}
 q - 2 potions of flight {unknown}
 u - 4 potions of attraction {unknown}
 A - 2 potions of berserk rage {unknown}
 C - 7 potions of lignification {unknown}
 I - 6 potions of curing {unknown}
 U - 6 potions of ambrosia


   Skills:
 + Level 13.6 Fighting
 - Level 1.5 Dodging
 - Level 2.1 Stealth
 + Level 12.3 Spellcasting
 * Level 12.4 Conjurations
 - Level 7.6 Transmutations
 - Level 8.3 Air Magic
 * Level 14.1 Earth Magic


You had one spell level left.
You knew the following spells:

 Your Spells              Type           Power      Damage    Failure   Level
a - Sandblast             Erth           100%       2d20      0%          1
b - Passwall              Tmut/Erth      78%        N/A       1%          2
c - Stone Arrow           Conj/Erth      100%       3d13      1%          3
d - Petrify               Tmut/Erth      94%        N/A       1%          4
e - Shock                 Conj/Air       100%       1d9       1%          1
f - Arcjolt               Conj/Air       36%        1d46      1%          5
g - Iron Shot             Conj/Erth      51%        9d10      1%          6
h - Iskenderun's Battles  Conj           79%        2d13      1%          5
i - Fireball              Conj/Fire      28%        3d12      1%          5
j - Lee's Rapid Deconstr  Erth           52%        3d25*     1%          5

Your spell library contained the following spells:

 Spells                   Type           Power      Damage    Failure   Level
 Irradiate                Conj/Tmut      35%        3d23      1%          5
 Magic Dart               Conj           100%       1d8       0%          1
 Summon Small Mammal      Summ           76%        N/A       3%          1
 Mephitic Cloud           Conj/Pois/Air  59%        N/A       1%          3
 Vhi's Electric Charge    Tloc/Air       92%        N/A       1%          3
 Leda's Liquefaction      Hex/Erth       39%        N/A       1%          4
 Call Imp                 Summ           38%        N/A       4%          2
 Lesser Beckoning         Tloc           38%        N/A       4%          2
 Call Canine Familiar     Summ           19%        N/A       9%          3
 Summon Guardian Golem    Hex/Summ       19%        N/A       9%          3
 Animate Dead             Necr           19%        N/A       30%         4
 Passage of Golubria      Tloc           19%        N/A       30%         4
 Spellforged Servitor     Conj/Summ      28%        N/A       43%         7
 Maxwell's Capacitive Co  Air            32%        ∞         82%         8
 Haunt                    Necr/Summ      9%         N/A       100%        7
 Infestation              Necr           9%         N/A       100%        8
 Fire Storm               Conj/Fire      28%        8d7       100%        9
 Statue Form              Tmut/Erth      Unusable   N/A       N/A         6

Dungeon Overview and Level Annotations

Branches:
Dungeon (14/15)            Temple (1/1) D:4            Lair (5/5) D:10
  Swamp (0/4) Lair:3        Snake (2/4) Lair:2        Slime (0/5) Lair:4
    Orc (2/2) D:10            Elf (0/3) Orc:2
 Vaults: D:13-14

Altars:
Ashenzari
Cheibriados
Dithmenos
Elyvilon
Fedhas
Gozag
Hepliaklqana
Kikubaaqudgha
Makhleb
Nemelex Xobeh
Okawaru
Qazlal
Ru
Sif Muna
Trog
Uskayaw
Vehumet
Wu Jian
Xom
Yredelemnul
Zin
The Shining One

Shops:
D:7 *   Orc:1 ?   Orc:2 (   Snake:2 :=:[

Annotations:
D:3 2 transporters, 1 runed translucent door, Crazy Yiuf; discopopstar's ghost, amateur DsCK
D:9 1 runed translucent door, HoaS's ghost, novice DgHu
Temple 2 transporters
Snake:1 Vashnia
Orc:1 Saint Roka


Innate Abilities, Weirdness & Mutations

You are immune to sickness and miasma.
Your stone body is resilient. (AC +11)
You are immune to poison.
Your large and strong wings let you fly.
You resist negative energy. (rN+)
You are resistant to electric shocks. (rElec)
You are resistant to unholy torment.
You are immune to petrification.


Message History

Casting: Lee's Rapid Deconstruction (safe; 1% risk of failure)
Confirm with . or Enter, or press ? or * to list all spells.
Aiming: Lee's Rapid Deconstruction (safe; 1% risk of failure)
Press: ? - help, Dir - move target A rock wall.
You feel a surge of power!
The wall shatters!
The blast of rock fragments hits Vashnia!!
Vashnia is severely wounded.
Vashnia shoots a bolt.
The bolt misses you.
Unknown command.
Unknown command.
Casting: Lee's Rapid Deconstruction (safe; 1% risk of failure)
Confirm with . or Enter, or press ? or * to list all spells.
Aiming: Lee's Rapid Deconstruction (safe; 1% risk of failure)
Press: ? - help, Dir - move target A rock wall.
You feel a surge of power!
The wall shatters!
The blast of rock fragments hits Vashnia but does no damage.
Vashnia is severely wounded.
Vashnia spits poison at you.
The splash of poison hits you but does no damage.
You resist.
Casting: Lee's Rapid Deconstruction (safe; 1% risk of failure)
Confirm with . or Enter, or press ? or * to list all spells.
Aiming: Lee's Rapid Deconstruction (safe; 1% risk of failure)
Press: ? - help, Dir - move target A rock wall.
You feel a surge of power!
The wall shatters!
The blast of rock fragments hits Vashnia!
Vashnia is almost dead.
Vashnia spits poison at you.
The splash of poison hits you but does no damage.
You resist.
Casting: Lee's Rapid Deconstruction (safe; 1% risk of failure)
Confirm with . or Enter, or press ? or * to list all spells.
You don't have enough magic to cast this spell.
Unknown command.
You are confused.
You feel invigorated.
Vashnia shoots a bolt.
The bolt hits you!!
You die...

#.....####.......####..#####..
#......# #....................
#......###.####.......####..#.
#............###.|.##...##....
#................#.####..#.##.
#...........)..............##.
#............#####..........#.
####........N.# #.###........
#.........@# #......#.#...
#..........## ######.....#.
#...........# ###...#..#
###########.# #...####.# #.#
##.### #.# #.#####..# #.)
#.......## ### #.......# #
#...)..##


You could see Vashnia (catching breath).

Vanquished Creatures
  Aizul (Snake:1)
  A rakshasa (D:11)
  A hydra (D:13)
  2 boulder beetles
  10 anacondas
  A death knight (D:13)
  A death yak (Lair:5)
  2 two-headed ogres
  An orc high priest (Orc:2)
  13 naga sharpshooters
  10 naga warriors
  A salamander mystic (Snake:2)
  3 skysharks
  A fire crab (Lair:4)
  A naga ritualist (Snake:2)
  Pikel (D:4)
  A deep elf pyromancer (D:12)
  An orc knight (Orc:2)
  2 mana vipers
  An orc sorcerer (Orc:2)
  6 salamanders
  2 cyclopes (D:13)
  3 ugly things
  3 elephants
  12 black mambas
  6 naga magi
  3 guardian serpents
  A torpor snail (Lair:3)
  15 cane toads
  An unseen horror (D:11)
  4 komodo dragons
  4 rime drakes
  A queen bee (D:12)
  3 polar bears
  11 trolls
  6 meliai
  A hornet (D:9)
  3 blink frogs (Lair:5)
  7 slime creatures (D:12)
  2 wraiths
  52 yaks
  10 fire bats (Lair:4)
  5 wyverns
  7 basilisks
  A swamp worm (Lair:3)
  16 nagas
  Edmund (D:4)
  2 wargs
  2 acid dragons (D:11)
  10 water moccasins
  14 orc warriors
  6 black bears
  An ice beast (D:7)
  A sky beast (D:8)
  5 ogres
  2 centaurs
  16 wolves
  3 phantoms
  4 lemures (D:4)
  4 kobold brigands (D:10)
  13 bullfrogs
  Blork the orc (D:4)
  5 gnoll sergeants
  2 scorpions
  28 killer bees
  9 electric eels
  2 howler monkeys
  A gnoll bouda (Orc:1)
  5 hounds
  A jelly (D:7)
  8 orc priests
  3 sleepcaps
  Natasha (thrice) (D:3)
  Ijyb (D:4)
  4 iguanas
  14 orc wizards
  11 gnolls
  8 adders
  2 shadow imps (D:5)
  An ufetubus (D:4)
  3 worms
  2 dart slugs (D:1)
  44 orcs
  5 endoplasms
  2 giant cockroaches
  8 goblins
  4 hobgoblins
  4 jackals (D:1)
  7 kobolds
  3 quokkas
  3 ball pythons
  5 bats
  3 frilled lizards
  6 rats
532 creatures vanquished.

Vanquished Creatures (others)
  A bush (Lair:5)
  21 fungi
  26 plants
  13 withered plants (Lair:5)
61 creatures vanquished.

Grand Total: 593 creatures vanquished

Notes
Turn   | Place    | Note
-------+----------+-------------------------------------------
     0 | D:1      | snakesoul the Gargoyle Earth Elementalist began the quest
                  | for the Orb.
     0 | D:1      | Reached XP level 1. HP: 10/10 MP: 3/3
   136 | D:1      | Reached skill level 1 in Transmutations
   187 | D:1      | Reached XP level 2. HP: 15/15 MP: 1/5
   270 | D:1      | Reached skill level 4 in Earth Magic
   533 | D:1      | Reached XP level 3. HP: 19/19 MP: 3/6
   886 | D:1      | Learned a level 2 spell: Passwall
   890 | D:1      | Learned a level 3 spell: Stone Arrow
  1484 | D:2      | Found a faded altar of an unknown god.
  2058 | D:3      | Reached skill level 1 in Conjurations
  2058 | D:3      | Reached XP level 4. HP: 24/24 MP: 5/8
  2193 | D:3      | Noticed Natasha
  2195 | D:3      | Killed Natasha
  2326 | D:3      | Noticed Natasha
  2330 | D:3      | Killed Natasha
  2331 | D:3      | Reached XP level 5. HP: 28/28 MP: 6/9
  2381 | D:3      | Identified the +0 cloak of Shielding {Dex+4}
  2427 | D:3      | Found a transporter.
  2427 | D:3      | Noticed discopopstar's ghost (amateur DsCK)
  2656 | D:3      | Found a transporter.
  2698 | D:3      | Identified the +4 hammer of Jylixaut {flame, *Rage Fly rC+}
  2701 | D:3      | Found a runed translucent door.
  2702 | D:3      | Noticed Crazy Yiuf
  2712 | D:3      | Noticed Natasha
  2716 | D:3      | Killed Natasha
  2717 | D:3      | Reached skill level 5 in Earth Magic
  2898 | D:3      | Learned a level 4 spell: Petrify
  2963 | D:4      | Identified the +0 leather armour of Ulutaf {Drain rC+++
                  | Regen+ Int+4}
  2986 | D:3      | Reached XP level 6. HP: 21/32 MP: 3/11
  3141 | D:4      | Noticed Pikel
  3260 | D:4      | Noticed Edmund
  3377 | D:4      | Noticed Blork the orc
  3381 | D:4      | Killed Blork the orc
  3381 | D:4      | Noticed Ijyb
  3499 | D:4      | Killed Ijyb
  3609 | D:4      | Killed Edmund
  3610 | D:4      | Reached skill level 6 in Earth Magic
  3610 | D:4      | Reached XP level 7. HP: 27/36 MP: 3/12
  4081 | D:4      | You fall into a shaft and drop 1 floor!
  4081 | D:5      | Entered Level 5 of the Dungeon
  4421 | D:4      | Found a staircase to the Ecumenical Temple.
  4431 | Temple   | Entered the Ecumenical Temple
  4431 | Temple   | Found a transporter.
  4431 | Temple   | Found a transporter.
  4433 | Temple   | Found a transporter.
  4433 | Temple   | Found a transporter.
  4464 | Temple   | Became a worshipper of Vehumet
  4561 | D:4      | Killed Pikel
  4562 | D:4      | Reached skill level 5 in Conjurations
  4562 | D:4      | Reached skill level 7 in Earth Magic
  4562 | D:4      | Reached XP level 8. HP: 41/41 MP: 1/14
  5115 | D:5      | Reached skill level 1 in Fighting
  5403 | D:5      | Found an ornate altar of the Wu Jian Council.
  5512 | D:6      | Noticed a two-headed ogre
  6078 | D:6      | Reached skill level 5 in Spellcasting
  6381 | D:6      | Found an opulent altar of Gozag.
  7292 | D:7      | Reached XP level 9. HP: 51/51 MP: 3/16
  8116 | D:6      | Reached skill level 5 in Transmutations
  8560 | D:7      | Found Huev's General Store.
  9141 | D:8      | Noticed a two-headed ogre
  9155 | D:8      | Killed a two-headed ogre
  9155 | D:8      | Reached * piety under Vehumet
  9155 | D:8      | Offered knowledge of Shock by Vehumet.
  9156 | D:8      | Reached skill level 5 in Fighting
  9158 | D:8      | Learned a level 1 spell: Shock
  9335 | D:8      | Reached XP level 10. HP: 59/59 MP: 17/19
 10700 | D:9      | Found a runed translucent door.
 10703 | D:9      | Noticed a cyclops
 10704 | D:9      | Noticed HoaS's ghost (novice DgHu)
 10730 | D:9      | Found a stormy altar of Qazlal.
 11124 | D:9      | Offered knowledge of Kiss of Death by Vehumet.
 11398 | D:10     | Entered Level 10 of the Dungeon
 11622 | D:10     | Reached ** piety under Vehumet
 11623 | D:10     | Reached skill level 8 in Earth Magic
 11623 | D:10     | Reached XP level 11. HP: 68/68 MP: 15/22
 11967 | D:10     | Found a staircase to the Lair.
 12903 | D:10     | Offered knowledge of Frozen Ramparts by Vehumet.
 12996 | D:10     | Found a staircase to the Orcish Mines.
 13303 | D:10     | Reached skill level 1 in Air Magic
 13541 | D:10     | Reached *** piety under Vehumet
 14064 | Lair:1   | Entered Level 1 of the Lair of Beasts
 14786 | Lair:1   | Offered knowledge of Fulminant Prism by Vehumet.
 15753 | Lair:2   | Reached XP level 12. HP: 73/76 MP: 11/25
 16225 | Lair:2   | Reached skill level 5 in Air Magic
 16662 | Lair:2   | Found a staircase to the Snake Pit.
 16788 | Lair:2   | Reached skill level 10 in Fighting
 17516 | Lair:3   | Noticed a skyshark
 17523 | Lair:3   | Killed a skyshark
 17905 | Lair:3   | Reached **** piety under Vehumet
 18038 | Lair:3   | Reached skill level 10 in Spellcasting
 18681 | Lair:3   | Found a staircase to the Swamp.
 18687 | Lair:3   | Offered knowledge of Iskenderun's Mystic Blast by Vehumet.
 18695 | Lair:3   | Learned a level 5 spell: Arcjolt
 19224 | Lair:4   | Reached XP level 13. HP: 84/84 MP: 11/27
 19386 | Lair:4   | You fall into a shaft and drop 1 floor!
 19386 | Lair:5   | Entered Level 5 of the Lair of Beasts
 19837 | Lair:4   | Found a staircase to the Slime Pits.
 20137 | Lair:4   | Learned a level 6 spell: Iron Shot
 20967 | Lair:5   | Reached skill level 9 in Earth Magic
 22430 | Lair:5   | Noticed a dire elephant
 22430 | Lair:5   | Noticed a dire elephant
 22430 | Lair:5   | Noticed a dire elephant
 22463 | Lair:5   | Learned a level 5 spell: Iskenderun's Battlesphere
 22504 | Lair:5   | Noticed a dire elephant
 22506 | Lair:5   | Noticed a dire elephant
 22796 | Orc:1    | Entered Level 1 of the Orcish Mines
 22796 | Orc:1    | You fall into a shaft and drop 1 floor!
 22796 | Orc:2    | Entered Level 2 of the Orcish Mines
 22796 | Orc:2    | Found Elirorona's Weapon Boutique.
 22833 | Orc:1    | HP: 3/86 [troll (5)]
 22949 | Orc:1    | Found Vuupikea's Magic Scroll Shoppe.
 22991 | Orc:1    | Bought a scroll of blinking for 127 gold pieces
 22991 | Orc:1    | Bought a scroll of teleportation for 51 gold pieces
 22991 | Orc:1    | Bought a scroll of fear for 68 gold pieces
 23012 | Orc:1    | Reached ***** piety under Vehumet
 23013 | Orc:1    | Offered knowledge of Fireball by Vehumet.
 23175 | Orc:1    | Learned a level 5 spell: Fireball
 23468 | Orc:2    | Reached skill level 10 in Earth Magic
 23660 | Orc:2    | Noticed Saint Roka
 25560 | D:11     | Noticed a rakshasa
 25575 | D:11     | Killed a rakshasa
 25576 | D:11     | Gained mutation: Your large and strong wings let you fly.
                  | [Gargoyle growth]
 25576 | D:11     | Reached XP level 14. HP: 92/92 MP: 7/29
 26582 | D:12     | Found a gate leading to a gauntlet.
 27390 | D:12     | Reached skill level 11 in Earth Magic
 27461 | D:12     | Identified the +1 chain mail of Rotation {Dex+2}
 28969 | D:13     | Found a white marble altar of Elyvilon.
 29784 | D:13     | Reached skill level 10 in Conjurations
 30065 | D:14     | Identified the +4 long sword of Rotation {pain, rPois rC+}
 30206 | Snake:1  | Entered Level 1 of the Snake Pit
 30657 | Snake:1  | Reached skill level 12 in Earth Magic
 31299 | Snake:1  | Got the Dissertation on Incandescent Space
 31878 | Snake:2  | Noticed Aizul
 31896 | Snake:1  | Killed Aizul
 32291 | Snake:2  | Reached XP level 15. HP: 97/98 MP: 10/30
 32475 | Snake:2  | Reached skill level 13 in Earth Magic
 33418 | Snake:2  | Noticed Vashnia
 34438 | Snake:2  | Found Ladd's Antique Armour Emporium.
 34501 | Snake:2  | Bought a glowing robe for 114 gold pieces
 34941 | Snake:2  | Reached skill level 14 in Earth Magic
 34997 | Snake:2  | Offered knowledge of Irradiate by Vehumet.
 35518 | Snake:2  | Found Vacu's Book Emporium.
 35518 | Snake:2  | Found Sudileas's Jewellery Shop.
 35519 | Snake:2  | Found Seycapawk's Book Emporium.
 35525 | Snake:2  | Bought a book of the Earth for 684 gold pieces
 35533 | Snake:2  | Learned a level 5 spell: Lee's Rapid Deconstruction
 35535 | Snake:2  | Bought an amulet of magic regeneration for 420 gold pieces
 35770 | Snake:1  | Shot with a bolt by Vashnia

Illustrated notes

Levels and vault maps discovered:
D:1:      co_arrival_random_square_maze, layout_loops_ring
D:2:      layout_loops_corners, shapermc_ecumenical_altar_ellora
D:3:      layout_basic, gammafunk_ghost_mausoleum, uniq_crazy_yiuf_cottage,
          uniq_natasha
D:4:      layout_gridville, lemuel_temple_firewalk_b, uniq_blork_the_orc,
          uniq_ijyb, uniq_edmund, uniq_pikel
D:5:      layout_basic, kennysheep_mini, corexii_checkpoint_a
D:6:      layout_layer_cave, nicolae_gozag_cash_rules_everything_around_me,
          minivault_10, st_stairs_9
D:7:      wad_lake_hut, layout_cave_pools, serial_shops, nicolae_shop_stone,
          nrook_mini_vaults
D:8:      layout_basic
D:9:      layout_cave_pools, mainiacjoe_overflow_six_doors_small,
          ebering_ghost_inner_flame
D:10:     layout_grid_maze, david_lair_generic,
          kennysheep_orc_monster_closet_entryway
D:11:     layout_big_octagon
D:12:     layout_basic, gauntlet_entry_generic
D:13:     layout_loops_corners, special_room [special_room_bee],
          elyvilon_altar_4
D:14:     layout_loops_corners, david_vaults_5, serial_shops, shop
Temple:   hellmonk_temple_divided_pantheon
Lair:1:   layout_layer_cave
Lair:2:   layout_cave_shapes, minmay_snake_entry_spellcaster,
          chequers_serial_rivers_room_b
Lair:3:   layout_chaotic_city, nicolae_swamp_entry_splash_gauntlet,
          pdpol_lair_cavern_descent
Lair:4:   layout_gridlike, dpeg_slime_entry_enclosed
Lair:5:   due_jungle_book, layout_misc_corridors, minivault_27
Snake:1:  layout_rooms
Snake:2:  layout_gridlike, serial_shops, nicolae_shop_tiny_statue_garden,
          grunt_megastairs_4, minmay_shop_grove, serial_bayou_shore_b,
          uniq_aizul, uniq_vashnia
Orc:1:    layout_diamond_mine, serial_shops, shop
Orc:2:    grunt_orc_cross, layout_diamond_mine, serial_shops, shop,
          nicolae_volcano_entry_hallway, uniq_urug

Skill      XL: |  1  2  3  4  5  6  7  8  9 10 11 12 13 14 15 |
---------------+----------------------------------------------+-----
Transmutations | 1 4 6 7 |  7.6
Earth Magic    | 4 5 6 7 8 10 12 14 | 14.1
Conjurations   | 1 2 4 5 6 8 11 12 | 12.4
Spellcasting   | 3 4 5 6 7 9 10 11 12 | 12.3
Fighting       | 3 5 7 9 10 12 13 | 13.6
Air Magic      | 4 7 8 |  8.3
Dodging        | |  1.5
Stealth        | |  2.1

Action                     |  1- 3 |  4- 6 |  7- 9 | 10-12 | 13-15 || total
---------------------------+-------+-------+-------+-------+-------++-------
  Melee: Unarmed           |     4 |       |       |       |       ||     4
         Whip              |     9 |       |       |    21 |       ||    30
         Staff             |       |       |       |       |     5 ||     5
         Punch             |       |       |       |       |     1 ||     1
   Fire: Sling             |    10 |    23 |    89 |   159 |    11 ||   292
   Cast: Sandblast         |    49 |    62 |    52 |    30 |    32 ||   225
         Stone Arrow       |       |     9 |    72 |   368 |   504 ||   953
         Petrify           |       |       |    11 |     2 |    40 ||    53
         Iron Shot         |       |       |       |       |   130 ||   130
         Iskenderun's Batt |       |       |       |       |     6 ||     6
         Fireball          |       |       |       |       |     5 ||     5
         Arcjolt           |       |       |       |       |     8 ||     8
         Passwall          |       |       |       |       |     1 ||     1
         Lee's Rapid Decon |       |       |       |       |     8 ||     8
         Shock             |       |       |       |       |     5 ||     5
    Use: Potion            |       |     1 |       |     1 |    12 ||    14
         Scroll            |       |       |       |    12 |     3 ||    15
 Armour: Robe              |    10 |     7 |       |       |       ||    17
         Leather armour    |       |     4 |    13 |    92 |   275 ||   384
  Dodge: Dodged            |    19 |    42 |    27 |   158 |   361 ||   607
